 Dungeon Crawl Stone Soup version 0.27.1-1-g398f81649c (webtiles) character file.

Game seed: 353638474669639415

26 Kala the Grave Robber (level 2, -1/22 HPs)
             Began as a Deep Dwarf Necromancer on Sept 7, 2021.
             Slain by Natasha (4 damage)
             ... on level 2 of the Dungeon.
             The game lasted 00:04:17 (1377 turns).

Kala the Grave Robber (Deep Dwarf Necromancer)      Turns: 1377, Time: 00:04:17

Health: -1/22      AC:  2    Str: 11    XL:     2   Next: 89%
Magic:  0/5        EV: 12    Int: 15    God:
Gold:   101        SH:  0    Dex: 13    Spells: 3/5 levels left

rFire    . . .     SeeInvis .   (no weapon)
rCold    . . .     Faith    .   (no shield)
rNeg     . . .     Spirit   .   a - +0 robe
rPois    .         Reflect  .   (no helmet)
rElec    .         Harm     .   (no cloak)
rCorr    .         Rampage  .   (no gloves)
Will     .....                  (no boots)
Stlth    ++........             (no amulet)
HPRegen  0.00/turn              (no ring)
MPRegen  0.09/turn              (no ring)

@: slowed, very slow
A: damage resistance, heal wounds, sense surroundings 1, no regeneration
a: Heal Wounds


You were on level 2 of the Dungeon.
You visited 1 branch of the dungeon, and saw 2 of its levels.

You collected 101 gold pieces.

Inventory:

Armour
 a - a +0 robe (worn)
Scrolls
 b - a scroll of noise {unknown}
 c - a scroll of enchant armour {unknown}
 d - 2 scrolls of identify {unknown}
 e - a scroll of fog {unknown}
 j - a scroll of magic mapping {unknown}
 k - a scroll of blinking {unknown}
Potions
 f - a potion of haste {unknown}
 g - a potion of ambrosia {unknown}
 h - a potion of flight {unknown}
 i - 2 potions of curing {unknown}


   Skills:
 - Level 2.1 Dodging
 - Level 2.4 Stealth
 + Level 2.2 Spellcasting
 * Level 5.1 Necromancy


You had 3 spell levels left.
You knew the following spells:

 Your Spells              Type           Power      Damage    Failure   Level
a - Pain                  Necr           68%        1d7       2%          1
b - Animate Skeleton      Necr           34%        N/A       2%          1

Your spell library contained the following spells:

 Spells                   Type           Power      Damage    Failure   Level
 Vampiric Draining        Necr           8%         2d7       8%          3
 Animate Dead             Necr           8%         N/A       26%         4
 Agony                    Necr           17%        N/A       58%         5


Dungeon Overview and Level Annotations

Branches:
Dungeon (2/15)

Altars:
Nemelex Xobeh

Shops:
D:1 *

Annotations:
D:2 Natasha


Innate Abilities, Weirdness & Mutations

You are resistant to damage.
You can heal yourself by infusing magical energy.
You passively map a small area around you.
You do not regenerate.


Message History

Aiming: Pain (safe; 2% risk of failure)
Press: ? - help, Q - select action, (/) - cycle Shift-Dir - straight line, f/p - Natasha
Aim: Natasha (heavily wounded, chance to affect: 76%) Natasha writhes in agony.
Natasha mumbles some strange words.
The white imp barely misses you.
Aiming: Pain (safe; 2% risk of failure)
Press: ? - help, Q - select action, (/) - cycle Shift-Dir - straight line, f/p - Natasha
Aim: Natasha (severely wounded, chance to affect: 76%) Natasha barely resists.
Natasha closely misses you. The white imp closely misses you.
Natasha closely misses you. The white imp barely misses you.
You hit Natasha but do no damage.
Natasha is severely wounded.
Natasha barely misses you. The white imp hits you. The white imp freezes you.
Unknown command.
You miss Natasha.
Natasha is severely wounded.
Natasha barely misses you.
The white imp picks up a beetle and eats it.
The white imp gestures at you. The puff of frost hits you!
Natasha claws you but does no damage. The white imp barely misses you.
You hit Natasha.
Natasha is severely wounded.
Natasha barely misses you. The white imp closely misses you.
Unknown command.
You hit Natasha but do no damage.
Natasha is severely wounded.
Natasha claws you.
* * * LOW HITPOINT WARNING * * *
The white imp misses you. Natasha claws you.
* * * LOW HITPOINT WARNING * * *
The white imp lashes its tail.
The white imp closely misses you.
You barely miss Natasha.
Natasha is severely wounded.
The crimson imp disappears in a puff of smoke!
Natasha claws you.
You die...

##* * #.., , #...,
* ##### #....
#...#
#.....####...####
......5h@5.....>#
*
*#.....####...####
##### #...# #...#
###.# #.# #.# #.#
* #.########


You could see Natasha and 2 white imps.

Vanquished Creatures
  2 dart slugs
  5 ball pythons
  An endoplasm (D:1)
  A goblin (D:1)
  A hobgoblin (D:1)
  2 kobolds
  A quokka (D:2)
  2 bats
  A frilled lizard (D:2)
  3 rats
19 creatures vanquished.

Vanquished Creatures (collateral kills)
  A ball python (D:2)
  A kobold (D:1)
2 creatures vanquished.

Grand Total: 21 creatures vanquished

Notes
Turn   | Place    | Note
-------+----------+-------------------------------------------
     0 | D:1      | Kala the Deep Dwarf Necromancer began the quest for the
                  | Orb.
     0 | D:1      | Reached XP level 1. HP: 15/15 MP: 3/3
    15 | D:1      | Learned a level 1 spell: Animate Skeleton
   129 | D:1      | Found Duguhit's Assorted Antiques.
   214 | D:1      | Reached XP level 2. HP: 22/22 MP: 3/5
   646 | D:1      | Noticed a golden eye
   650 | D:1      | Found a faded altar of an unknown god.
   674 | D:1      | Noticed a golden eye
   674 | D:1      | Noticed a golden eye
   674 | D:1      | Noticed a golden eye
   926 | D:2      | Found a sparkling altar of Nemelex Xobeh.
  1023 | D:2      | Reached skill level 5 in Necromancy
  1363 | D:2      | Noticed Natasha
  1366 | D:2      | Noticed a crimson imp
  1377 | D:2      | Slain by Natasha

Illustrated notes

Levels and vault maps discovered:
D:1:      mrwooster_arrival_arrow, layout_basic,
          hellmonk_ecumenical_altar_watching_god, serial_shops, shop,
          grunt_decor_mini_mirrors
D:2:      kennysheep_six_static_rooms, layout_basic, basic_altar, uniq_natasha

Skill      XL: |  1  2 |
---------------+-------+-----
Spellcasting   | 2 |  2.2
Necromancy     | 5 |  5.1
Dodging        | |  2.1
Stealth        | |  2.4

Action                   || total
-------------------------++-------
Melee: Unarmed           ||     5
 Cast: Pain              ||    41
       Animate Skeleton  ||     3
Armor: Robe              ||     2
Dodge: Dodged            ||    16
